 Dungeon Crawl Stone Soup version 0.29.1-1-gd02db6906a (webtiles) character file.

Game seed: 8948378297904932741

58 gzilladon the Chopper (level 4, -1/40 HPs)
             Began as a Hill Orc Monk on Sept 23, 2022.
             Slain by an orc wizard
             ... wielding a +0 dagger
              (2 damage)
             ... on level 4 of the Dungeon.
             The game lasted 00:08:01 (1797 turns).

gzilladon the Chopper (Hill Orc Monk)               Turns: 1797, Time: 00:08:02

Health: -1/40      AC:  3    Str: 15    XL:     4   Next: 2%
Magic:  4/4        EV: 11    Int: 10    God:
Gold:   54         SH:  3    Dex: 13    Spells: 3/3 levels left

rFire   . . .      SeeInvis .   a - +0 hand axe
rCold   . . .      Faith    .   j - +0 buckler
rNeg    . . .      Spirit   .   p - +0 leather armour
rPois   .          Reflect  .   (no helmet)
rElec   .          Harm     .   (no cloak)
rCorr   .          Rampage  .   (no gloves)
Will    .....                   (no boots)
Stlth   ++........              (no amulet)
HPRegen 0.13/turn               (no ring)
MPRegen 0.09/turn               (no ring)

@: weak-willed
A: no striking features
a: no special abilities


You were on level 4 of the Dungeon.
You visited 1 branch of the dungeon, and saw 4 of its levels.

You collected 54 gold pieces.

Inventory:

Hand Weapons
 a - a +0 hand axe (weapon)
 e - a +0 short sword
 f - a +0 quarterstaff
 h - a +0 dagger
 l - a +0 club
 t - a +2 vorpal spear
Missiles
 u - 2 stones (quivered)
Armour
 b - a +0 robe
 j - a +0 buckler (worn)
 p - a +0 leather armour (worn)
Scrolls
 d - a scroll of enchant armour {unknown}
 g - a scroll of vulnerability
 k - a scroll of blinking {unknown}
 m - a scroll of noise {unknown}
 o - a scroll of poison {unknown}
 r - a scroll of teleportation {unknown}
 v - a scroll of identify {unknown}
Potions
 i - a potion of haste {unknown}
 n - a potion of attraction {unknown}
 q - a potion of flight {unknown}
 s - a potion of might {unknown}


   Skills:
 + Level 4.1 Fighting
 + Level 5.0 Axes
 * Level 1.0 Armour
 + Level 2.8 Dodging
 - Level 1.5 Stealth
 * Level 0.6 Shields


You had 3 spell levels left.
You didn't know any spells.
Your spell library contained the following spells:

 Spells                   Type           Power      Damage    Failure   Level
 Ensorcelled Hibernation  Hex/Ice        0%         N/A       67%         2
 Spider Form              Tmut/Pois      0%         N/A       88%         3
 Anguish                  Hex/Necr       0%         N/A       99%         4


Dungeon Overview and Level Annotations

Branches:
Dungeon (4/15)
 Temple: D:4-7

Altars:
Makhleb
Sif Muna
Xom
Zin

Shops:
D:3 (


Message History

The orc wizard gestures at you while chanting.
The magic dart hits you.
You bump into the rock wall.
The orc wizard hits you with a +0 dagger.
* * * LOW HITPOINT WARNING * * *
You barely miss the orc wizard.
The orc wizard is almost dead.
The orc wizard barely misses you.
You bump into the rock wall.
The orc wizard hits you with a +0 dagger.
* * * LOW HITPOINT WARNING * * *
You're too confused to move!
You feel less confused.
The orc wizard gestures at you while chanting.
The magic dart hits you.
* * * LOW HITPOINT WARNING * * *
You closely miss the orc wizard.
The orc wizard is almost dead.
You block the orc wizard's attack.
You hit the orc wizard but do no damage.
The orc wizard is almost dead.
The orc wizard barely misses you.
You closely miss the orc wizard.
The orc wizard is almost dead.
The orc wizard hits you but does no damage.
You hit the orc wizard.
The orc wizard is almost dead.
The orc wizard mumbles some strange words.
The orc wizard flickers and vanishes!
Deactivating autopickup; reactivate with Ctrl-A.
You miss something.
You hear some strange, mumbled words.
Something tries to affect you, but you resist.
Something hits you.
* * * LOW HITPOINT WARNING * * *
There is a strange disturbance nearby!
Something hits you.
* * * LOW HITPOINT WARNING * * *
Something hits you.
You die...

##.#####.........
##.####.## #.#
#.# #.# #.# #.#
#{# #@# ###


There were no monsters in sight!

Vanquished Creatures
  3 adders
  A dart slug (D:2)
  2 orcs (D:4)
  4 endoplasms
  4 giant cockroaches
  5 goblins (D:3)
  2 ball pythons
  2 bats (D:2)
  A frilled lizard (D:2)
  2 kobolds
  A rat (D:2)
27 creatures vanquished.

Notes
Turn   | Place    | Note
-------+----------+-------------------------------------------
     0 | D:1      | gzilladon the Hill Orc Monk began the quest for the Orb.
     0 | D:1      | Reached XP level 1. HP: 19/19 MP: 1/1
   188 | D:2      | Reached XP level 2. HP: 23/27 MP: 2/2
   731 | D:3      | Reached XP level 3. HP: 27/33 MP: 3/3
   906 | D:3      | Found Ytinaecw's Antique Weapon Shoppe.
  1680 | D:3      | Found a shimmering blue altar of Sif Muna.
  1682 | D:3      | Found a burning altar of Makhleb.
  1682 | D:3      | Found a shimmering altar of Xom.
  1683 | D:3      | Found a glowing silver altar of Zin.
  1746 | D:4      | Reached skill level 5 in Axes
  1751 | D:4      | Reached skill level 1 in Armour
  1753 | D:4      | Reached XP level 4. HP: 18/40 MP: 4/4
  1796 | D:4      | HP: 1/40 [something (3)]
  1797 | D:4      | Slain by an orc wizard

Illustrated notes

Levels and vault maps discovered:
D:1:      dpeg_arrival_solitude, layout_loops_ring, serial_shops, shop,
          nicolae_diamond_shop, nicolae_shop_overgrown_old_shop,
          nicolae_shop_bloodbath_and_beyond,
          hellmonk_ecumenical_altar_prayer_group, roderic_nine_men_s_morris
D:2:      layout_rooms
D:3:      layout_basic, chequers_temple_overflow_statue_of_worship,
          serial_shops, nicolae_lakefront_shop
D:4:      layout_loops_ring, mainiacjoe_overflow_alcove_1,
          nemelex_diamond_rough_becter, mainiacjoe_overflow_cross_hatched,
          jmf_multi_god_temple2, serial_shops,
          nicolae_shop_competitors_out_of_business, gammafunk_ghost_smash

Skill      XL: |  1  2  3 |
---------------+----------+-----
Fighting       | 4 |  4.1
Axes           | 5 |  5.0
Armour         | 1 |  1.0
Dodging        | |  2.8
Stealth        | |  1.5
Shields        | |  0.6

Action                   |  1- 3 |  4- 6 || total
-------------------------+-------+-------++-------
Melee: Hand axe          |    85 |    25 ||   110
  Use: Scroll            |       |     1 ||     1
       Potion            |       |     1 ||     1
 Stab: Sleeping          |     1 |       ||     1
Armor: Robe              |     4 |       ||     4
       Leather armour    |    14 |     8 ||    22
Dodge: Dodged            |    56 |     4 ||    60
Block: Buckler           |    10 |     1 ||    11
